 Dungeon Crawl Stone Soup version 0.26.1-2-gb8aa6d0cf2 (webtiles) character file.

Game seed: 15653767083388191441

146285 Amaterasu the Bludgeoner (level 17, 0/112 HPs)
             Began as a Gargoyle Fighter on Feb 9, 2021.
             Was the Champion of Qazlal.
             Slain by an alligator (24 damage)
             ... called by a spriggan druid
             ... on level 1 of the Swamp.
             The game lasted 00:39:34 (24767 turns).

Amaterasu the Bludgeoner (Gargoyle Fighter)        Turns: 24767, Time: 00:39:34

Health: 0/112      AC: 34    Str: 25    XL:     17   Next: 44%
Magic:  11/25      EV: 12    Int: 11    God:    Qazlal [******]
Gold:   3028       SH: 28    Dex: 15    Spells: 16/16 levels left

rFire    + . .     SeeInvis +   w - +3 flail (vorpal)
rCold    + . .     Faith    .   p - +2 kite shield "Sooz" {rElec rC+ Regen+ Str-3}
rNeg     + . .     Spirit   .   o - +0 plate armour
rPois    ∞         Reflect  +   K - +2 hat {SInv}
rElec    +         Harm     .   I - +0 cloak of the Fiend {rElec Will+ Str+3}
rCorr    .         Rampage  .   (no gloves)
Will     +++..                  g - +1 pair of boots
Stlth    ..........             i - amulet of reflection
HPRegen  0.68/turn              U - ring "Udyu" {rElec rPois rF+ Will+}
MPRegen  0.19/turn              l - +6 ring of dexterity

@: protected from physical damage, corroded, flying, repel missiles
A: big wings, negative energy resistance 1, electricity resistance, unbreathing,
petrification resistance, miasma immunity, AC +12
a: Stop Flying, Renounce Religion, Upheaval, Elemental Force, Disaster Area


You were on level 1 of the Swamp.
You worshipped Qazlal.
Qazlal was exalted by your worship.
You visited 5 branches of the dungeon, and saw 25 of its levels.
You also visited: Bailey.

You collected 3052 gold pieces.
You spent 24 gold pieces at shops.

Inventory:

Hand Weapons
 w - a +3 vorpal flail (weapon)
Armour
 c - a +0 kite shield
 g - a +1 pair of boots (worn)
 o - a +0 plate armour (worn)
 p - the +2 kite shield "Sooz" (worn) {rElec rC+ Regen+ Str-3}
   (You found it on level 12 of the Dungeon)

   It affects your strength (-3).
   It protects you from cold.
   It insulates you from electricity.
   It increases your rate of regeneration.
 I - the +0 cloak of the Fiend (worn) {rElec Will+ Str+3}
   (You found it on level 3 of the Lair of Beasts)

   It affects your strength (+3).
   It insulates you from electricity.
   It affects your willpower, your defense against some magical effects.
 K - a +2 hat of see invisible (worn)
Jewellery
 a - an uncursed ring of stealth
 i - an amulet of reflection (around neck)
 k - an uncursed ring of resist corrosion
 l - a +6 ring of dexterity (right hand)
 y - an uncursed ring of ice
 Q - an uncursed ring of protection from cold
 S - an uncursed amulet of regeneration {unknown}
 T - a cursed -4 ring of strength
 U - the ring "Udyu" (left hand) {rElec rPois rF+ Will+}
   (You acquired it on level 15 of the Dungeon)

   [ring of protection from fire]

   It protects you from fire.
   It insulates you from electricity.
   It protects you from poison.
   It affects your willpower, your defense against some magical effects.
 V - a cursed amulet of inaccuracy
Wands
 h - a wand of iceblast (6)
 z - a wand of flame (37)
 A - a wand of enslavement (17)
 C - a wand of digging (5)
 F - a wand of acid (20)
 G - a wand of polymorph (31)
 J - a wand of random effects (17)
Scrolls
 b - 6 scrolls of enchant weapon
 f - 9 scrolls of teleportation
 q - 7 scrolls of remove curse
 r - 4 scrolls of amnesia
 u - 3 scrolls of enchant armour
 v - 6 scrolls of magic mapping
 B - a scroll of brand weapon
 M - 2 scrolls of fear
 O - 2 scrolls of fog
 R - 2 scrolls of summoning
 X - a scroll of holy word
 Y - a scroll of identify
 Z - a scroll of blinking
Potions
 d - 2 potions of might
 e - 3 potions of flight
 j - 10 potions of curing
 m - 7 potions of brilliance
 n - 3 potions of attraction
 s - 2 potions of magic
 t - 2 potions of resistance
 x - 3 potions of haste
 D - 3 potions of berserk rage
 E - a potion of invisibility
 H - 2 potions of lignification
 L - 3 potions of ambrosia
 N - a potion of cancellation
 P - 2 potions of heal wounds
Miscellaneous
 W - a lightning rod (inert)


   Skills:
 * Level 14.9 Fighting
 * Level 15.9 Maces & Flails
 - Level 14.0 Armour
 * Level 9.7 Dodging
 * Level 10.6 Shields
 * Level 11.3 Invocations
 - Level 8.0 Evocations


You had 16 spell levels left.
You didn't know any spells.
Your spell library contained the following spells:

 Spells                   Type           Power        Failure   Level
 Animate Skeleton         Necr           0%           99%         1
 Corona                   Hex            0%           99%         1
 Pain                     Necr           0%           99%         1
 Sandblast                Erth           0%           99%         1
 Shock                    Conj/Air       0%           99%         1
 Sting                    Tmut/Pois      0%           99%         1
 Ensorcelled Hibernation  Hex/Ice        0%           100%        2
 Passwall                 Tmut/Erth      0%           100%        2
 Poisonous Vapours        Pois/Air       0%           100%        2
 Swiftness                Air            0%           100%        2
 Confusing Touch          Hex            0%           100%        3
 Dazzling Flash           Conj/Hex       0%           100%        3
 Ignite Poison            Fire/Tmut/Pois 0%           100%        3
 Mephitic Cloud           Conj/Pois/Air  0%           100%        3
 Static Discharge         Conj/Air       0%           100%        3
 Stone Arrow              Conj/Erth      0%           100%        3
 Tukima's Dance           Hex            0%           100%        3
 Vampiric Draining        Necr           0%           100%        3
 Airstrike                Air            0%           100%        4
 Animate Dead             Necr           0%           100%        4
 Olgreb's Toxic Radiance  Pois           0%           100%        4
 Petrify                  Tmut/Erth      0%           100%        4
 Agony                    Necr           0%           100%        5
 Lee's Rapid Deconstruct  Erth           0%           100%        5
 Lightning Bolt           Conj/Air       0%           100%        5


Dungeon Overview and Level Annotations

Branches:
Dungeon (15/15)            Temple (1/1) D:6            Lair (6/6) D:8
  Swamp (1/4) Lair:3       Spider (0/4) Lair:2        Slime (0/5) Lair:5
    Orc (2/2) D:10            Elf (0/3) Orc:2        Vaults (0/5) D:13
 Depths (0/5) D:15         Bailey (visited)

Altars:
Fedhas
Gozag
Qazlal
Trog
Wu Jian
Beogh

Shops:
D:8 *   D:9 [   D:13 [   Orc:1 =(   Orc:2 =}*[

Annotations:
D:7 exclusion: oklob plant


Innate Abilities, Weirdness & Mutations

You are resistant to torment.
Your stone body is resilient. (AC +12)
You are immune to poison.
Your large and strong wings let you fly indefinitely.
You resist negative energy. (rN+)
You are resistant to electric shocks. (rElec)
You can survive without breathing.
You are immune to petrification.
You are immune to miasma.


Message History

You kill the goliath frog!
Qazlal accepts your kill.
The cutting wind hits the swamp worm!!
You kill the swamp worm!
Qazlal accepts your kill.
The blast of ice hits the tyrant leech!!
The tyrant leech is severely wounded.
The tyrant leech is flash-frozen.
The blast of ice hits the alligator!!!
You kill the alligator!
Qazlal accepts your kill.
The blast of ice hits the tyrant leech!!!
You kill the tyrant leech!
Qazlal accepts your kill.
The blast of magma engulfs the tyrant leech!
You kill the tyrant leech!
Qazlal accepts your kill. You block the alligator's attack.
The alligator tail-slaps you but does no damage.
The alligator bites you!!
You die...

♣♣♣♣♣♣ ♣♣♣§...♣♣
♣@†≈§§≈≈♣♣♣♣♣
♣t°☼§§)...[.♣
♣♣♣§§≈§)≈≈≈.♣♣♣
♣♣♣♣).†≈≈≈.♣♣.♣♣♣
♣♣..≈.§....≈≈♣..§♣
♣≈..≈.≈§§)≈..♣♣≈≈♣
♣♣♣..≈≈≈§.)≈≈..≈♣♣
♣♣♣.≈§≈≈.≈.≈≈≈≈≈.
♣≈..≈≈≈.≈≈≈≈.≈≈§.


You could see an alligator (strong, swift).

Vanquished Creatures
  Rupert (Lair:2)
  Kirke (Lair:4)
  Gastronok (Lair:3)
  6 dire elephants (Lair:6)
  An ettin (Orc:2)
  Snorg (Lair:4)
  Fannar (Lair:3)
  3 boulder beetles
  A vault guard (D:13)
  10 hydras
  An anaconda (Lair:6)
  2 centaur warriors
  2 alligators (Swamp:1)
  Erica (D:9)
  13 two-headed ogres
  2 ogre magi (Orc:2)
  A vampire mage (D:15)
  Sonja (D:12)
  2 skeletal warriors (D:15)
  An unseen horror (D:12)
  3 goliath frogs (Swamp:1)
  A tengu zombie (D:15)
  Pikel (D:9)
  2 deep trolls (Orc:2)
  2 swamp dragons (Swamp:1)
  3 spriggan druids (Swamp:1)
  4 orc knights
  8 cyclopes
  20 ugly things
  3 deep elf magi
  An orc sorcerer (Orc:1)
  A necromancer (D:15)
  A stone giant zombie (D:15)
  3 manticores
  30 elephants
  6 black mambas
  3 centaur zombies
  13 cane toads
  Joseph (D:7)
  2 gargoyles
  2 kobold demonologists
  5 rime drakes
  12 komodo dragons
  16 trolls
  2 polar bears
  6 jumping spiders (Lair:2)
  A harpy zombie (D:15)
  The ghost of windycow the Vexing, an amateur GnAM (D:4)
  4 hornets
  5 dream sheep
  2 slime creatures
  3 tyrant leeches (Swamp:1)
  A spriggan zombie (D:15)
  4 blink frogs (Lair:5)
  An ettin zombie (D:15)
  3 shadows
  8 spriggans
  3 redbacks (Lair:2)
  36 yaks
  9 wyverns
  6 basilisks
  2 hogs (Lair:4)
  A wraith (D:13)
  A steam dragon (D:11)
  Grum (Lair:1)
  6 vampire mosquitoes
  Menkaure (D:7)
  2 acid dragons
  2 swamp worms (Swamp:1)
  14 water moccasins
  2 soldier ants
  18 orc warriors
  2 sky beasts
  3 black bears
  3 ice beasts
  2 phantoms
  9 wolves
  A necrophage (D:14)
  32 ogres
  A lemure (D:9)
  9 centaurs
  4 big kobolds
  A gnoll sergeant (Orc:2)
  15 bullfrogs
  6 scorpions
  2 wyvern skeletons
  2 howler monkeys
  An electric eel (Lair:3)
  6 quasits
  A bullfrog zombie (D:5)
  5 hounds
  8 jellies
  Crazy Yiuf (D:7)
  14 orc priests
  22 orc wizards
  3 bullfrog skeletons
  6 centaur skeletons
  8 worker ants
  Jessica (D:3)
  7 iguanas
  Terence (D:3)
  2 hell rats (Lair:2)
  A hound skeleton (D:5)
  A worker ant zombie (D:8)
  10 gnolls
  9 adders
  5 river rats (Lair:2)
  2 shadow imps
  3 white imps
  7 oozes
  2 adder skeletons (D:8)
  An adder zombie (D:5)
  A worm (D:4)
  6 dart slugs
  3 leopard geckos
  46 orcs
  A ball python (D:3)
  7 bats
  7 giant cockroaches
  9 goblins
  9 hobgoblins
  3 jackals (D:7)
  31 kobolds
  6 quokkas
  6 frilled lizards
  A jackal skeleton (D:4)
  A leopard gecko skeleton (D:6)
  9 rats
705 creatures vanquished.

Vanquished Creatures (others)
  5 humans (Lair:4)
  33 fungi
  80 plants
  11 withered plants (D:15)
129 creatures vanquished.

Grand Total: 834 creatures vanquished

Notes
Turn   | Place    | Note
-------+----------+-------------------------------------------
     0 | D:1      | Amaterasu the Gargoyle Fighter began the quest for the Orb.
     0 | D:1      | Reached XP level 1. HP: 14/14 MP: 1/1
   144 | D:1      | Reached XP level 2. HP: 20/20 MP: 2/2
   429 | D:1      | Reached XP level 3. HP: 19/24 MP: 3/3
  1052 | D:2      | Reached skill level 3 in Maces & Flails
  1211 | D:1      | Reached XP level 4. HP: 28/30 MP: 4/4
  2113 | D:3      | Reached XP level 5. HP: 32/34 MP: 5/5
  2182 | D:3      | Noticed Jessica
  2191 | D:3      | Killed Jessica
  2192 | D:3      | Reached skill level 5 in Fighting
  2192 | D:3      | Reached skill level 4 in Maces & Flails
  2522 | D:3      | Noticed Terence
  2532 | D:3      | Killed Terence
  2533 | D:3      | Reached skill level 5 in Maces & Flails
  2533 | D:3      | Reached XP level 6. HP: 39/40 MP: 6/6
  2780 | D:4      | Reached skill level 1 in Dodging
  2790 | D:4      | Noticed an orc warrior
  3143 | D:4      | Killed an orc warrior
  3144 | D:4      | Reached skill level 5 in Armour
  3144 | D:4      | Reached XP level 7. HP: 19/44 MP: 7/7
  3463 | D:4      | Reached skill level 6 in Maces & Flails
  3530 | D:4      | Noticed windycow's ghost (amateur GnAM)
  3541 | D:4      | Found a transporter.
  3561 | D:4      | Found a transporter.
  3863 | D:4      | Killed windycow's ghost
  3864 | D:4      | Reached skill level 8 in Maces & Flails
  3864 | D:4      | Reached XP level 8. HP: 41/51 MP: 8/8
  3977 | D:5      | Entered Level 5 of the Dungeon
  4219 | D:5      | Reached skill level 1 in Evocations
  5180 | D:6      | Reached XP level 9. HP: 44/57 MP: 9/9
  5416 | D:6      | Found a staircase to the Ecumenical Temple.
  5428 | Temple   | Entered the Ecumenical Temple
  5439 | Temple   | Became a worshipper of Qazlal Stormbringer
  5614 | D:6      | Reached skill level 1 in Invocations
  6125 | D:7      | Noticed Joseph
  6175 | D:7      | Killed Joseph
  6269 | D:7      | Reached skill level 9 in Maces & Flails
  6276 | D:7      | Found a bloodstained altar of Trog.
  6436 | D:7      | Found a blossoming altar of Fedhas.
  6461 | D:7      | Noticed an oklob plant
  6542 | D:7      | Noticed Menkaure
  6547 | D:7      | Killed Menkaure
  6801 | D:7      | Found a runed translucent door.
  6802 | D:7      | Noticed Crazy Yiuf
  7009 | D:7      | Killed Crazy Yiuf
  7094 | D:8      | Reached skill level 10 in Maces & Flails
  7143 | D:8      | Noticed a two-headed ogre
  7152 | D:8      | Killed a two-headed ogre
  7153 | D:8      | Reached skill level 11 in Maces & Flails
  7153 | D:8      | Reached XP level 10. HP: 39/65 MP: 10/12
  7337 | D:8      | Reached * piety under Qazlal
  7446 | D:8      | Found a staircase to the Lair.
  7857 | D:8      | Found Tuasueme's Assorted Antiques.
  8614 | D:9      | Identified the +4 hand axe "Daixuf" {venom, Str+5 Int-2}
  8657 | D:9      | Noticed Erica
  8664 | D:9      | Noticed Pikel
  8691 | D:9      | Killed Pikel
  8692 | D:9      | Reached skill level 10 in Fighting
  8707 | D:9      | Killed Erica
  8708 | D:9      | Reached skill level 5 in Invocations
  8968 | D:9      | Found Hoaggir's Antique Armour Shop.
  9077 | D:10     | Entered Level 10 of the Dungeon
  9089 | D:10     | Noticed a two-headed ogre
  9097 | D:10     | Killed a two-headed ogre
  9102 | D:10     | Reached ** piety under Qazlal
  9249 | D:10     | Noticed a two-headed ogre
  9259 | D:10     | Killed a two-headed ogre
  9260 | D:10     | Reached skill level 5 in Dodging
  9260 | D:10     | Reached XP level 11. HP: 48/72 MP: 14/14
  9757 | D:10     | Found a staircase to the Orcish Mines.
  9796 | D:10     | Reached skill level 5 in Evocations
  9936 | Lair:1   | Entered Level 1 of the Lair of Beasts
 10236 | Lair:1   | Noticed Grum
 10247 | Lair:1   | Killed Grum
 10259 | Lair:1   | Reached skill level 12 in Maces & Flails
 10390 | Lair:1   | You fall into a shaft and drop 1 floor!
 10399 | Lair:2   | Reached *** piety under Qazlal
 10520 | Lair:1   | Reached XP level 12. HP: 72/80 MP: 16/16
 10558 | Lair:1   | Reached skill level 13 in Maces & Flails
 10672 | Lair:1   | Noticed an eight-headed hydra
 10689 | Lair:1   | Killed an eight-headed hydra
 11035 | Lair:1   | Reached skill level 14 in Maces & Flails
 12441 | Lair:2   | Found a hole to the Spider Nest.
 12483 | Lair:2   | Reached **** piety under Qazlal
 12975 | Lair:3   | Noticed a seven-headed hydra
 12982 | Lair:3   | Killed a seven-headed hydra
 12992 | Lair:3   | Noticed a seven-headed hydra
 12994 | Lair:3   | Noticed Rupert
 12995 | Lair:3   | Noticed Fannar
 13010 | Lair:2   | Killed a seven-headed hydra
 13164 | Lair:2   | Reached XP level 13. HP: 78/86 MP: 19/19
 13299 | Lair:3   | Reached skill level 10 in Armour
 13334 | Lair:2   | Killed Rupert
 13791 | Lair:3   | Killed Fannar
 13960 | Lair:3   | Found a staircase to the Swamp.
 13971 | Lair:3   | Got a bloodstained cloak
 13972 | Lair:3   | Identified the +0 cloak of the Fiend {rElec Will+ Str+3}
                  | (You found it on level 3 of the Lair of Beasts)
 14089 | Lair:3   | Noticed Gastronok
 14112 | Lair:3   | Killed Gastronok
 14592 | Lair:4   | Noticed Kirke
 14615 | Lair:4   | Noticed Snorg
 14979 | Lair:4   | Reached ***** piety under Qazlal
 14995 | Lair:4   | Killed Kirke
 15031 | Lair:4   | Killed Snorg
 15631 | Lair:4   | Gained mutation: Your large and strong wings let you fly
                  | indefinitely. [Gargoyle growth]
 15631 | Lair:4   | Reached XP level 14. HP: 74/92 MP: 20/20
 16635 | Lair:5   | Found a staircase to the Slime Pits.
 17293 | Lair:6   | Entered Level 6 of the Lair of Beasts
 18696 | Lair:6   | Noticed a dire elephant
 18696 | Lair:6   | Noticed a dire elephant
 18720 | Lair:6   | Killed a dire elephant
 18728 | Lair:6   | Killed a dire elephant
 18869 | Lair:6   | Noticed a dire elephant
 18870 | Lair:6   | Noticed a dire elephant
 18886 | Lair:6   | Killed a dire elephant
 18903 | Lair:6   | Killed a dire elephant
 18904 | Lair:6   | Noticed a dire elephant
 18930 | Lair:6   | Killed a dire elephant
 19151 | Lair:6   | Noticed a dire elephant
 19173 | Lair:6   | Killed a dire elephant
 19536 | D:11     | Reached skill level 15 in Maces & Flails
 19540 | D:11     | Found a flagged portal.
 19551 | Bailey   | Entered a bailey
 19612 | Bailey   | Reached XP level 15. HP: 92/99 MP: 22/22
 19954 | D:11     | Reached ****** piety under Qazlal
 20255 | D:11     | Reached skill level 10 in Invocations
 20255 | D:11     | Reached XP level 16. HP: 105/105 MP: 23/23
 20294 | D:12     | Noticed Sonja
 20376 | D:12     | Killed Sonja
 20574 | D:12     | Got a glimmering kite shield
 20585 | D:12     | Identified the +2 kite shield "Sooz" {rElec rC+ Regen+
                  | Str-3} (You found it on level 12 of the Dungeon)
 21147 | D:13     | Found Toevucin's Armour Shop.
 21203 | D:13     | Reached skill level 5 in Shields
 21268 | D:13     | Found a gate to the Vaults.
 22372 | D:15     | Entered Level 15 of the Dungeon
 22372 | D:15     | Found an opulent altar of Gozag.
 23050 | D:15     | Found a staircase to the Depths.
 23350 | D:15     | Identified a scroll of acquirement
 23350 | D:15     | Acquired the ring "Udyu" {rElec rPois rF+ Will+}
 23433 | Orc:1    | Entered Level 1 of the Orcish Mines
 23541 | Orc:1    | Found a roughly hewn altar of Beogh.
 23677 | Orc:1    | Found Giesail's Weapon Shop.
 23681 | Orc:1    | Found Ilyirr's Jewellery Shop.
 23862 | Orc:2    | Entered Level 2 of the Orcish Mines
 23912 | Orc:2    | Reached XP level 17. HP: 91/112 MP: 25/25
 24280 | Orc:2    | Found Meiguink's Antique Armour Shop.
 24283 | Orc:2    | Found Opiumik's Gadget Emporium.
 24289 | Orc:2    | Found Eleddim's Jewellery Shoppe.
 24289 | Orc:2    | Found Haosopol's Assorted Antiques.
 24311 | Orc:2    | Bought a scroll labelled WAASSO ODOGG for 24 gold pieces
 24323 | Orc:2    | Found a staircase to the Elven Halls.
 24624 | Swamp:1  | Entered Level 1 of the Swamp
 24629 | Swamp:1  | Reached skill level 10 in Shields
 24767 | Swamp:1  | Slain by an alligator

Illustrated notes

Levels and vault maps discovered:
D:1:      co_arrival_random_square_maze, layout_basic, minmay_hexomino_f4
D:2:      layout_loops_ring
D:3:      layout_rooms, uniq_jessica, uniq_terence
D:4:      layout_basic, gammafunk_ghost_stat_death, minmay_manual_moon
D:5:      layout_loops_ring
D:6:      layout_gridville, minmay_temple_entry_wispy
D:7:      layout_rooms, tgw_fedhas, basic_altar, uniq_joseph,
          uniq_crazy_yiuf_cottage, uniq_menkaure
D:8:      layout_gridville, dpeg_oklobed_lair, serial_shops,
          nicolae_shop_statue_plus, hangedman_little_slice_of_home
D:9:      layout_cave_pools, serial_shops, kennysheep_little_box, uniq_pikel,
          uniq_erica
D:10:     lemuel_ogre_cave, layout_rooms, orc_0_dummy
D:11:     layout_roguey, enter_bailey_2
D:12:     layout_roguey, uniq_sonja
D:13:     layout_rooms, david_vaults_5, serial_shops,
          nicolae_shop_temple_entry_statues_fountains, chequers_decorated_corner
D:14:     layout_basic, minmay_misc_feat_doors, serial_bayou_crossing
D:15:     gammafunk_depths_entry_grave, layout_rooms,
          chequers_hall_statues_wall_a, nicolae_gozag_seed_capital
Temple:   regret_index_temple_sigil_plot
Lair:1:   wad_woods_settlement, layout_gridlike, uniq_grum
Lair:2:   layout_misc_corridors, nicolae_spider_entry_tight_spaces,
          kennysheep_rathole, serial_bayou_shore_b
Lair:3:   layout_long_grid, swamp_mist_pool, chequers_serial_rivers_small_a,
          uniq_gastronok, uniq_rupert, uniq_fannar
Lair:4:   layout_roguey, st_stairs_6, minivault_19, grunt_megastairs_2,
          uniq_snorg, uniq_kirke
Lair:5:   layout_gridlike, minmay_slime_entry_pillars,
          infiniplex_staircase_pool, grunt_megastairs_5
Lair:6:   due_jungle_book, layout_loops_ring, serial_bayou_shore_a
Swamp:1:  layout_basic_swamp, infiniplex_staircase_pool_2, swamp_pool1
Orc:1:    minmay_goldmine, layout_caves, serial_shops, nicolae_shop_trees,
          nicolae_shop_trees, shop_fountains, shop, david_defended_altar_orc
Orc:2:    st_orc_open, layout_diamond_mine, sword_in_stone

Skill      XL: |  1  2  3  4  5  6  7  8  9 10 11 12 13 14 15 16 17 |
---------------+----------------------------------------------------+-----
Fighting       | 4 5 7 8 10 11 12 13 14 | 14.9
Maces & Flails | 3 5 8 11 12 14 15 | 15.9
Dodging        | 2 3 4 5 6 8 9 |  9.7
Armour         | 5 6 7 8 9 11 12 13 14 | 14.0
Evocations     | 2 3 4 5 8 |  8.0
Invocations    | 3 5 9 10 11 | 11.3
Shields        | 8 10 | 10.6

Action                   |  1- 3 |  4- 6 |  7- 9 | 10-12 | 13-15 | 16-18 || total
-------------------------+-------+-------+-------+-------+-------+-------++-------
Melee: Flail             |   118 |   169 |   353 |   746 |   797 |   849 ||  3032
Invok: Disaster Area     |       |       |       |       |       |     2 ||     2
 Abil: Fly               |       |       |       |       |     1 |       ||     1
Evoke: Wand              |       |       |       |       |     4 |     5 ||     9
       Lightning rod     |       |       |       |       |       |     8 ||     8
  Use: Scroll            |     5 |     4 |     8 |    12 |    11 |     6 ||    46
       Potion            |       |       |     1 |       |     6 |       ||     7
 Stab: Invisible         |       |       |     2 |       |       |       ||     2
Armor: Scale mail        |    74 |   127 |       |       |       |       ||   201
       Plate armour      |       |       |   278 |   447 |   448 |   258 ||  1431
Dodge: Dodged            |    44 |    82 |    52 |   171 |   228 |   199 ||   776
       Repelled          |       |       |       |       |       |     3 ||     3
Block: Kite shield       |    58 |   102 |   157 |   468 |   863 |   934 ||  2582
       Reflection        |       |       |       |       |    43 |    33 ||    76
